Unix NetHack Version 5.0.0-0 post-release - last build May 10 2026 23:12:36 (d1fa5d53e341ca933230fdaa984d921c805b60aa,branch:main).

Game began 2026-05-13 13:01:30, ended 2026-05-13 13:07:18.

Drastanta, chaotic female elven Wizard

        ----------       ----------------
        |=%!"]=@.-#      |..............|
        |?!?!!!?.|#      |..............|
        |(?/*[%m@|#     #...............|
        |]!=/!)!.|#     #------.---------
        |*(!*(?[.|#     ####   ###
        |[?+?(*+.|#        #     #
        ----------#        #     ####
                  #        #      --.----
                0########  #      |^....|
                  ##  --.--#      |.....|
                      |..)|#      |.....|
                      |.>.|#      |....<.
                      |....#      -------
                      ....|
                      -----

Drastanta the Evoker      St:10 Dx:14 Co:16 In:19 Wi:8 Ch:8  Chaotic
Dlvl:3  $:13 HP:0(15) Pw:7(7) AC:8  Xp:1 T:679 

Latest messages:
 The newt bites!
 The newt misses!
 You kill the newt!
 You see here a newt corpse.
 You see here 9 throwing stars.
 Your kitten eats a newt corpse.
 You swap places with your kitten.
 With great effort you move the boulder.
 Annootok hits the gnome zombie.
 The gnome zombie is destroyed!
 "Hello, Drastanta!  Welcome to Annootok's general store!"
 The jackal misses!
 The jackal misses!
 The jackal bites!
 That strange object is a large mimic!
 The jackal bites!
 You cannot escape from the large mimic!
 The jackal bites!
 You cannot escape from the large mimic!
 The jackal bites!
 The large mimic hits!
 Are you sure you want to pray? [yn] (n) y
 You begin praying to Anhur.
 You are surrounded by a shimmering light.
 The jackal starts to attack you, but pulls back.
 The jackal starts to attack you, but pulls back.
 The jackal starts to attack you, but pulls back.
 You finish your prayer.
 You feel that Anhur is pleased.
 You feel much better.
 What do you want to zap? [cr or ?*] c
 In what direction? 4
 The wand hits the large mimic!
 The jackal bites!
 What do you want to zap? [cr or ?*] c
 In what direction? 7
 The wand hits the jackal!
 You kill the jackal!
 The large mimic hits!
 What do you want to zap? [cr or ?*] c
 In what direction? 4
 The wand hits the large mimic!
 The large mimic hits!
 You die...
 Annootok gratefully inherits all your possessions.
 Do you want to see what you had when you died? [ynq] (y) n
 Do you want to see your attributes? [ynq] (y) n
 Do you want an account of creatures vanquished? [ynaq] (y) n
 Do you want to see your conduct and achievements? [ynq] (y) n
 Do you want to see the dungeon overview? [ynq] (y) n

Inventory:
 Coins    ('$')
  $ - 13 gold pieces
 Weapons  (')')
  a - a blessed +1 quarterstaff (weapon in hands)
 Armor    ('[')
  b - an uncursed +0 cloak of magic resistance (being worn)
 Comestibles  ('%')
  t - a cursed cream pie
  y - an uncursed food ration
  s - 2 uncursed lembas wafers
  w - an uncursed egg
 Scrolls  ('?')
  i - an uncursed scroll of identify
  k - a blessed scroll of light
  A - an uncursed scroll of light
  j - a blessed scroll of remove curse
  u - an uncursed scroll of stinking cloud
 Spellbooks  ('+')
  m - an uncursed spellbook of cure sickness
  v - an uncursed spellbook of detect monsters
  l - a blessed spellbook of force bolt
 Potions  ('!')
  p - 5 uncursed potions of healing
  z - an uncursed potion of monster detection
  h - an uncursed potion of paralysis
  g - an uncursed potion of see invisible
  f - an uncursed potion of speed
 Rings    ('=')
  d - an uncursed +1 ring of increase damage (on left hand)
  e - an uncursed +1 ring of protection (on right hand)
  q - an uncursed ring of teleport control
 Wands    ('/')
  r - a wand of digging (0:8)
  c - a wand of striking (0:5)
 Tools    ('(')
  o - an uncursed leather drum
  x - an uncursed brass lantern
  n - a magic marker (0:22)

Drastanta the Wizard's attributes:

Background:
 You were an Evoker, a level 1 female elven Wizard.
 You were chaotic, on a mission for Anhur
 who was opposed by Ptah (lawful) and Thoth (neutral).
 You were right-handed.
 You were in the Dungeons of Doom, on level 3.
 You entered the dungeon 679 turns ago.
 You had 18 experience points, 2 more were needed to attain level 2.

Basics:
 You had 0 out of 15 hit points.
 You had all 7 energy points (spell power).
 Your armor class was 8.
 Your wallet contained 13 zorkmids.
 Autopickup was off.

Final Characteristics:
 Your strength was 10 (limit:18).
 Your dexterity was 14 (limit:18).
 Your constitution was 16 (limit:16).
 Your intelligence was 19 (limit:20).
 Your wisdom was 8 (limit:20).
 Your charisma was 8 (limit:18).

Final Status:
 You were held by a large mimic (west).
 You weren't hungry.
 You were unencumbered.
 You were wielding a quarterstaff.
 You had basic skill with quarterstaff.

Final Attributes:
 You were fervently aligned.
 You were magic-protected.
 You had infravision.
 You had a small damage bonus (+1).
 You had a small defense bonus (+1).
 You were guarded.
 You are dead.

Miscellaneous:
 You didn't encounter any bones levels.
 Total elapsed playing time was 5 minutes and 48 seconds.

Major events:
 Turn
    1: Drastanta the chaotic female elven Wizard entered the dungeon
  495: entered the Gnomish Mines
  679: killed by a large mimic

Spells:
 Name                 Level Category     Fail Retention
 force bolt             1   attack         0%  91%-100%
 cure sickness          3   healing       79%  76%-100%

Skills:
 Fighting Skills
   bare handed combat [Unskilled]
   riding             [Unskilled]
 Weapon Skills
   dagger             [Unskilled]
   knife              [Unskilled]
   axe                [Unskilled]
   short sword        [Unskilled]
   club               [Unskilled]
   mace               [Unskilled]
   quarterstaff       [Basic]
   polearms           [Unskilled]
   spear              [Unskilled]
   trident            [Unskilled]
   sling              [Unskilled]
   dart               [Unskilled]
   shuriken           [Unskilled]
 Spellcasting Skills
   attack spells      [Basic]
   healing spells     [Unskilled]
   divination spells  [Unskilled]
   enchantment spells [Basic]
   clerical spells    [Unskilled]
   escape spells      [Unskilled]
   matter spells      [Unskilled]

Voluntary challenges:
 Character rerolling was not enabled.
 You followed a strict vegan diet.
 You were illiterate.
 You never genocided any monsters.
 You never polymorphed an object.
 You never changed form.
 You used no wishes.
Achievements:
 You entered the Gnomish Mines.
 You entered a shop.

 The Dungeons of Doom: levels 1 to 3
    Level 1:
    Level 2:
       Stairs down to The Gnomish Mines.
    Level 3: <- You were here.
       A general store.
       Final resting place for
          you, killed by a large mimic.
 The Gnomish Mines:
    Level 3:


Vanquished creatures:
  a gnome zombie
  a jackal
  a fox
  2 grid bugs
  3 lichens
  3 newts
11 creatures vanquished.

No species were genocided or became extinct.

Game over:
                       ----------
                      /          \
                     /    REST    \
                    /      IN      \
                   /     PEACE      \
                  /                  \
                  |    Drastanta     |
                  |      13 Au       |
                  |   killed by a    |
                  |   large mimic    |
                  |                  |
                  |                  |
                  |       2026       |
                 *|     *  *  *      | *
        _________)/\\_//(\/(/\)/\//\/|_)_______

Goodbye Drastanta the Wizard...

You died in The Dungeons of Doom on dungeon level 3 with 184 points,
and 13 pieces of gold, after 679 moves.
You were level 1 with a maximum of 15 hit points when you died.

